 Dungeon Crawl Stone Soup version 0.26-b1-32-g5d43845318 (webtiles) character file.

Game seed: 3096790737127679961

19326 sanka the Marksghoul (level 12, 0/94 HPs)
             Began as a Ghoul Delver on Jan 9, 2021.
             Was a Follower of Okawaru.
             Slain by an Executioner (9 damage)
             ... created by the fury of Makhleb
             ... on level 6 of the Dungeon.
             The game lasted 00:42:11 (17403 turns).

sanka the Marksghoul (Ghoul Delver)                Turns: 17403, Time: 00:42:11

Health: 0/94       AC: 19    Str: 22    XL:     12   Next: 67%
Magic:  17/17      EV: 11    Int:  5    God:    Okawaru [*.....]
Gold:   176        SH:  0    Dex: 15    Spells: 11/11 levels left

rFire    . . .     SeeInvis .   a - +3 hand axe of Revolt {venom, Str+2}
rCold    + + .     Faith    .   (no shield)
rNeg     + + +     Spirit   .   j - +4 scale mail {rC+}
rPois    ∞         Reflect  .   A - +0 helmet
rElec    +         Harm     .   C - +0 cloak
rCorr    .         Rampage  .   X - +0 pair of gloves {archery}
Will     .....                  k - +0 pair of boots
Stlth    ++........             (no amulet)
HPRegen  0.00/turn              m - ring "Pemurule" {rElec rN+ Dex+4}
MPRegen  0.15/turn              W - +4 ring of protection

@: about to teleport
A: claws 1, cold resistance 1, negative energy resistance 3, inhibited
regeneration, torment resistance, unbreathing
a: Renounce Religion, Heroism


You were on level 6 of the Dungeon.
You worshipped Okawaru.
Okawaru was aware of your devotion.
You visited 4 branches of the dungeon, and saw 15 of its levels.
You also visited: Bailey.

You collected 1832 gold pieces.
You spent 1656 gold pieces at shops.


Innate Abilities, Weirdness & Mutations

You thrive by killing the living.
You are immune to poison.
You have sharp fingernails.
Your flesh is cold resistant. (rC+)
You are immune to negative energy. (rN+++)
You do not regenerate when monsters are visible.
You are immune to unholy pain and torment.
You can survive without breathing.


   Skills:
 + Level 5.5 Fighting
 - Level 6.5 Axes
 - Level 15.0 Bows
 + Level 3.0 Armour
 - Level 2.0 Dodging
 - Level 5.6 Stealth
 - Level 8.0 Invocations


You had 11 spell levels left.
You didn't know any spells.
Your spell library contained the following spells:

 Spells                   Type           Power        Failure   Level
 Animate Skeleton         Necr           0%           80%         1
 Apportation              Tloc           0%           80%         1
 Corona                   Hex            0%           80%         1
 Summon Small Mammal      Summ           0%           80%         1
 Call Imp                 Summ           0%           91%         2
 Ensorcelled Hibernation  Hex/Ice        0%           91%         2
 Call Canine Familiar     Summ           0%           99%         3
 Confusing Touch          Hex            0%           99%         3
 Dazzling Flash           Conj/Hex       0%           99%         3
 Summon Guardian Golem    Hex/Summ       0%           99%         3
 Tukima's Dance           Hex            0%           99%         3
 Summon Ice Beast         Ice/Summ       0%           100%        4
 Summon Lightning Spire   Summ/Air       0%           100%        4
 Metabolic Englaciation   Hex/Ice        0%           100%        5
 Freezing Cloud           Conj/Ice/Air   0%           100%        6
 Ozocubu's Refrigeration  Ice            0%           100%        6
 Simulacrum               Ice/Necr       0%           100%        6
 Ice Form                 Ice/Tmut       Unusable     N/A         4

Inventory:

Hand Weapons
 a - the +3 hand axe of Revolt (weapon) {venom, Str+2}

   It poisons the flesh of those it strikes.
   It affects your strength (+2).
 b - the +8 longbow "Zephyr" {speed, Dex+3 SInv} Attacks with this weapon are significantly faster. It affects your dexterity (+3). It lets you see invisible.
 e - a +0 hand axe
 R - a +0 spear of venom
Missiles
 s - 2 throwing nets {=f}
 u - 84 arrows
Armour
 j - a +4 scale mail of cold resistance (worn)
 k - a +0 pair of boots (worn)
 A - a +0 helmet (worn)
 C - a +0 cloak (worn)
 X - a +0 pair of gloves of archery (worn)
Magical Staves
 D - an uncursed staff of air
Jewellery
 m - the ring "Pemurule" (left hand) {rElec rN+ Dex+4}

   [ring of positive energy]

   It affects your dexterity (+4).
   It insulates you from electricity.
   It protects you from negative energy.
 B - an uncursed ring of protection from cold
 K - an uncursed ring of wizardry
 O - an uncursed ring of fire
 P - an uncursed ring of resist corrosion
 W - a +4 ring of protection (right hand)
Wands
 f - a wand of enslavement (8)
 g - a wand of digging (3)
 o - a wand of iceblast (8)
 v - a wand of polymorph (4)
 J - a wand of flame (8)
Scrolls
 c - 3 scrolls of fog
 d - 4 scrolls of magic mapping
 i - 5 scrolls of immolation {!r}
 n - a scroll of acquirement
 p - 2 scrolls of blinking
 q - a scroll of teleportation {@r4}
 r - 2 scrolls of fear
 x - 3 scrolls of enchant weapon
 y - 2 scrolls of identify {@r1}
 z - 4 scrolls of amnesia
 E - 2 scrolls of random uselessness
 I - 5 scrolls of remove curse
 U - 3 scrolls of vulnerability {!r}
Potions
 h - 4 potions of heal wounds {unknown}
 l - 7 potions of might
 t - 2 potions of invisibility {unknown}
 w - 5 potions of curing {unknown}
 F - 3 potions of mutation {unknown}
 G - 3 potions of brilliance {unknown}
 H - a potion of attraction {unknown}
 L - a potion of degeneration {unknown}
 N - 2 potions of haste {@q3}
 Q - 4 potions of flight
 S - a potion of cancellation {unknown}
 T - 2 potions of berserk rage {unknown}
 V - a potion of lignification {unknown}
Miscellaneous
 M - a box of beasts

Dungeon Overview and Level Annotations

Branches:
Dungeon (11/15)            Temple (1/1) D:5            Lair (1/6) D:8
    Orc (2/2) D:11            Elf (0/3) Orc:2        Bailey (visited)

Altars:
Ashenzari
Cheibriados
Dithmenos
Elyvilon
Fedhas
Gozag
Hepliaklqana
Kikubaaqudgha
Makhleb
Nemelex Xobeh
Okawaru
Qazlal
Ru
Sif Muna
Trog
Uskayaw
Vehumet
Wu Jian
Xom
Yredelemnul
Zin
The Shining One
Beogh

Shops:
D:5 [   D:7 !   D:8 ( Orc:2

**!(*(}}
....▒▒▒▒▒▒▒▒▒▒▒▒[▒.▒
▒.▒.▒ ....▒▒.▒
▒.....▒.▒.▒ ▒.▒.▒
....▒▒.▒ ▒.......▒.▒
▒.▒.▒ ....▒▒.▒
▒....▒..▒.▒ ▒.▒.▒
....▒▒.▒ ▒....▒..▒.▒
▒.▒.▒
▒▒▒▒▒▒.▒▒▒▒'▒.▒..▒.▒
▒.▒.▒ ▒......▒+▒.>▒.▒
▒.▒.▒
▒▒▒▒▒▒▒....1▒.▒▒▒.▒.▒
▒....n▒.....▒.▒
▒.....▒▒▒▒▒▒▒.▒
▒.....'.......▒ ▒▒▒▒▒
▒.....▒▒▒▒▒▒▒▒▒ ....▒
▒.....▒ ....▒
▒▒▒▒▒▒▒'▒▒▒▒ ....▒
▒..........▒ ....▒
▒......)...▒ ....▒
▒..........▒


You could see an Executioner (fast).


Message History

Unknown command.
Unknown command.
Unknown command.
A stone staircase leading down.
Unknown command.
As you read the scroll of teleportation {@r4}, it crumbles to dust.
You feel strangely unstable. The Executioner hits you!
* * * LOW HITPOINT WARNING * * *
The Executioner misses you.
The Executioner hits you but does no damage.
The Executioner hits you but does no damage.
The Executioner hits you!
* * * LOW HITPOINT WARNING * * *
The Executioner hits you but does no damage.
Unknown command.
The Executioner gestures.
The Executioner seems to speed up.
The Executioner hits you.
* * * LOW HITPOINT WARNING * * *
The Executioner hits you but does no damage.
The Executioner hits you but does no damage.
Unknown command.
Okay, then.
The Executioner hits you but does no damage.
The Executioner barely misses you. The Executioner hits you.
* * * LOW HITPOINT WARNING * * *
The Executioner hits you!
You die...

Action                   |  1- 3 |  4- 6 |  7- 9 | 10-12 || total
-------------------------+-------+-------+-------+-------++-------
Melee: Hand axe          |    35 |   162 |   139 |   532 ||   868
       Spear             |       |       |   323 |   145 ||   468
 Fire: Longbow           |       |       |    85 |   245 ||   330
Invok: Minor Destruction |       |       |       |     9 ||     9
       Lesser Servant of |       |       |       |     2 ||     2
Evoke: Wand              |       |       |       |     2 ||     2
  Use: Scroll            |       |     1 |     6 |    12 ||    19
       Potion            |       |     1 |       |     1 ||     2
 Stab: Sleeping          |       |     4 |    14 |     7 ||    25
       Distracted        |       |       |     1 |     1 ||     2
Armor: Leather armour    |     4 |       |       |       ||     4
       Scale mail        |     7 |    45 |    29 |   363 ||   444
       Chain mail        |       |       |    86 |       ||    86
       Ring mail         |       |       |   112 |    25 ||   137
Dodge: Dodged            |    26 |    75 |   258 |   457 ||   816

Levels and vault maps discovered:
D:1:      dpeg_arrival_chambers_temple_mockup, layout_basic
D:2:      layout_basic, uniq_robin, uniq_terence, uniq_jessica
D:3:      layout_loops_corners, kennysheep_crisscross
D:4:      layout_basic, nicolae_overflow_hidden_temple, grunt_ministairs_7
D:5:      layout_basic, zin_academy, gammafunk_temple_overflow_claw,
          minmay_temple_entry_fiery, serial_shops, shop, chequers_arboretum,
          minmay_misc_feat_iff
D:6:      layout_basic, minitemple
D:7:      layout_rooms, ebering_ghost_disaster_area, serial_shops, shop
D:8:      layout_layer_cave, lair_entry_dummy, serial_shops,
          nicolae_shop_statue_plus
D:9:      layout_roguey, kennysheep_mini, enter_bailey_2, uniq_joseph,
          uniq_maurice
D:10:     layout_loops_cross, uniq_grum
D:11:     layout_stronghold, zombieorc2_lemuel, serial_co_window_serial,
          co_window_of_opportunity_a, co_window_of_opportunity_a,
          co_window_paths_b, co_window_of_opportunity_a, co_window_paths_b,
          co_window_of_opportunity_b, co_window_paths_c, co_window_cross_3,
          co_window_broadway_b, glass_columns_a, kennysheep_generic_room_4
Temple:   dpeg_chambers_temple
Lair:1:   layout_cave_shapes, ebering_ghost_funeral_grove,
          chequers_serial_rivers_micro_c, grunt_forest_large_clearing_hut,
          serial_bayou_shore_a, grunt_megastairs_4, uniq_maggie
Orc:1:    layout_caves
Orc:2:    kennysheep_orc_mage_school, layout_caves, serial_shops,
          nicolae_shop_behind_doors, nicolae_shop_statue_plus,
          nicolae_shop_behind_doors, shop

Notes
Turn   | Place    | Note
-------+----------+-------------------------------------------
     0 | D:5      | sanka the Ghoul Delver began the quest for the Orb.
     0 | D:5      | Reached XP level 1. HP: 19/19 MP: 0/0
     8 | D:5      | Noticed an ice beast
    74 | D:5      | Found Ahiemo's Armour Shoppe.
    84 | D:5      | Reached skill level 2 in Axes
    84 | D:5      | Reached skill level 2 in Dodging
    84 | D:5      | Reached XP level 2. HP: 18/26 MP: 1/1
   393 | D:5      | Reached skill level 4 in Fighting
   393 | D:5      | Reached XP level 3. HP: 6/33 MP: 2/2
   655 | D:5      | Found an ornate altar of the Wu Jian Council.
   655 | D:5      | Found a basalt altar of Yredelemnul.
   655 | D:5      | Found a shimmering blue altar of Sif Muna.
   667 | D:5      | Reached skill level 3 in Axes
   667 | D:5      | Reached XP level 4. HP: 40/40 MP: 3/3
   822 | D:4      | Found a hazy altar of Hepliaklqana.
   822 | D:4      | Found a radiant altar of Vehumet.
   822 | D:4      | Found a glowing golden altar of the Shining One.
   822 | D:4      | Found a sacrificial altar of Ru.
   826 | D:4      | Found a blossoming altar of Fedhas.
  1012 | D:5      | HP: 4/40 [ice beast (1)]
  1012 | D:5      | HP: 1/40 [ice beast (3)]
  1028 | D:5      | Killed an ice beast
  1029 | D:5      | Reached skill level 4 in Axes
  1029 | D:5      | Reached XP level 5. HP: 1/46 MP: 4/4
  1401 | D:5      | Found a glowing silver altar of Zin.
  1696 | D:5      | Found a staircase to the Ecumenical Temple.
  1702 | Temple   | Entered the Ecumenical Temple
  1909 | Temple   | Became a worshipper of Makhleb the Destroyer
  2235 | D:4      | Reached skill level 5 in Axes
  2235 | D:4      | Reached XP level 6. HP: 50/52 MP: 5/5
  2997 | D:4      | Reached skill level 6 in Axes
  3041 | D:4      | Reached XP level 7. HP: 45/59 MP: 6/6
  3463 | D:5      | Bought a +0 pair of gloves for 54 gold pieces
  3931 | D:3      | Reached * piety under Makhleb
  4420 | D:2      | Noticed Robin
  4425 | D:2      | Reached skill level 1 in Bows
  4459 | D:2      | Noticed Jessica
  4467 | D:3      | Killed Robin
  4507 | D:2      | Killed Jessica
  4574 | D:2      | Noticed Terence
  4579 | D:2      | Killed Terence
  4580 | D:2      | Reached skill level 2 in Bows
  5166 | D:1      | Reached ** piety under Makhleb
  6366 | D:6      | Reached skill level 3 in Bows
  6387 | D:6      | Found a sparkling altar of Nemelex Xobeh.
  6391 | D:6      | Reached skill level 4 in Bows
  6391 | D:6      | Reached XP level 8. HP: 66/66 MP: 7/7
  6393 | D:6      | Found a stormy altar of Qazlal.
  6445 | D:6      | Reached skill level 5 in Bows
  7190 | D:6      | Reached skill level 6 in Bows
  7342 | D:6      | Reached skill level 7 in Bows
  7407 | D:7      | Reached *** piety under Makhleb
  7499 | D:7      | Reached XP level 9. HP: 71/71 MP: 8/8
  7687 | D:7      | Found Wesaytae's Distillery.
  7712 | D:7      | Reached skill level 8 in Bows
  7819 | D:7      | Found a large runed translucent door.
  7819 | D:7      | Found a large runed translucent door.
  7823 | D:7      | Noticed Arum's ghost (novice DsGl)
  7841 | D:7      | Killed Arum's ghost
  7842 | D:7      | Reached skill level 9 in Bows
  8102 | D:8      | Found a staircase to the Lair.
  8398 | D:8      | Reached skill level 10 in Bows
  8453 | D:8      | Found Furch's Antique Weapon Boutique.
  8695 | D:8      | Reached XP level 10. HP: 77/78 MP: 9/9
  9762 | D:5      | Bought a +1 chain mail of willpower for 198 gold pieces
  9920 | D:7      | Bought 2 potions of might for 96 gold pieces
 10004 | D:9      | Reached skill level 11 in Bows
 10192 | D:9      | Reached **** piety under Makhleb
 10194 | D:9      | Noticed Maurice
 10220 | D:9      | Killed Maurice
 10277 | D:9      | Noticed a two-headed ogre
 10282 | D:9      | Killed a two-headed ogre
 10339 | D:9      | Found a white marble altar of Elyvilon.
 10340 | D:9      | Found a flagged portal.
 10341 | D:9      | Noticed Joseph
 10356 | D:9      | Reached skill level 12 in Bows
 10364 | D:9      | Killed Joseph
 10385 | Bailey   | Entered a bailey
 10427 | Bailey   | Noticed an orc knight
 10465 | Bailey   | Got an iridescent hand axe
 10466 | Bailey   | Identified the cursed +3 hand axe of Revolt {venom, Str+2}
                  | (You found it in a bailey)
 10544 | Bailey   | Killed an orc knight
 10915 | D:9      | Reached skill level 13 in Bows
 10915 | D:9      | Reached XP level 11. HP: 84/84 MP: 10/10
 11097 | D:10     | Entered Level 10 of the Dungeon
 11169 | D:10     | Noticed Grum
 11174 | D:10     | Killed Grum
 11250 | D:10     | Reached ***** piety under Makhleb
 11825 | D:10     | Reached skill level 1 in Invocations
 12267 | D:11     | Reached skill level 2 in Invocations
 12412 | D:11     | Reached skill level 3 in Invocations
 12570 | D:11     | Found a staircase to the Orcish Mines.
 12700 | D:11     | Reached skill level 14 in Bows
 12700 | D:11     | Reached skill level 4 in Invocations
 13471 | Orc:1    | Entered Level 1 of the Orcish Mines
 13678 | Orc:1    | Reached skill level 5 in Invocations
 13694 | D:11     | Reached ****** piety under Makhleb
 13905 | Orc:1    | Noticed an orc sorcerer
 13911 | Orc:1    | Killed an orc sorcerer
 14026 | Orc:2    | Entered Level 2 of the Orcish Mines
 14026 | Orc:2    | Found Qorigikko's Assorted Antiques.
 14053 | Orc:2    | Found a staircase to the Elven Halls.
 14130 | Orc:2    | Reached skill level 6 in Invocations
 14318 | Orc:1    | Reached XP level 12. HP: 87/91 MP: 15/15
 14623 | Orc:2    | Found Hoholed's Assorted Antiques.
 14692 | Orc:2    | Found Jichonk's General Store.
 14894 | Orc:2    | Found Ycvai's Weapon Boutique.
 14971 | Orc:2    | Noticed a sun demon
 14972 | Orc:2    | Reached skill level 7 in Invocations
 14974 | Orc:2    | Found Nabit's Distillery.
 15029 | Orc:2    | Found a radiant altar of Vehumet.
 15031 | Orc:2    | Noticed Erolcha
 15050 | Orc:2    | Killed Erolcha
 15051 | Orc:2    | Paralysed by an orc sorcerer for 5 turns
 15074 | Orc:2    | Found Xiropon's Antique Weapon Emporium.
 15138 | Orc:2    | Found an ancient bone altar of Kikubaaqudgha.
 15139 | Orc:2    | Noticed Nergalle
 15147 | Orc:2    | Killed Nergalle
 15151 | Orc:2    | Noticed an ogre mage
 15174 | Orc:2    | Reached skill level 8 in Invocations
 15176 | Orc:2    | Identified a +2 robe of the Archmagi
 15189 | Orc:2    | Killed an ogre mage
 15190 | Orc:2    | Reached skill level 15 in Bows
 15194 | Orc:2    | Paralysed by an orc sorcerer for 2 turns
 15202 | Orc:2    | Reached skill level 1 in Armour
 15243 | Orc:2    | Found a roughly hewn altar of Beogh.
 15243 | Orc:2    | Found Viomp's Gadget Shoppe.
 15254 | Orc:2    | Found Wiovuph's Gadget Shoppe.
 15476 | Orc:2    | Bought a scroll of acquirement for 728 gold pieces
 15476 | Orc:2    | Bought a scroll of blinking for 105 gold pieces
 15476 | Orc:2    | Acquired a +0 pair of gloves of archery
 15602 | Orc:2    | Bought a bound wooden ring for 190 gold pieces
 15602 | Orc:2    | Bought a scroll of blinking for 285 gold pieces
 15603 | Orc:2    | Identified the ring "Pemurule" {rElec rN+ Dex+4} (You
                  | bought it in a shop on level 2 of the Orcish Mines)
 15839 | Temple   | Fell from the grace of Makhleb
 15839 | Temple   | Became a worshipper of Warmaster Okawaru
 16665 | Lair:1   | Entered Level 1 of the Lair of Beasts
 16696 | Lair:1   | Noticed a five-headed hydra
 16726 | Lair:1   | Killed a five-headed hydra
 16727 | Lair:1   | Reached skill level 5 in Fighting
 16727 | Lair:1   | Reached skill level 2 in Armour
 16745 | Lair:1   | Reached * piety under Okawaru
 16895 | Lair:1   | Noticed an eight-headed hydra
 16898 | Lair:1   | Noticed a balrug
 17002 | Lair:1   | Reached skill level 3 in Armour
 17011 | Lair:1   | Noticed a four-headed hydra
 17034 | Lair:1   | HP: 9/94 [hell rat (4)]
 17074 | D:8      | Noticed a blizzard demon
 17396 | D:7      | Noticed an Executioner
 17403 | D:6      | HP: 9/94 [Executioner[the fury of Makhleb] (6)]
 17403 | D:6      | Slain by an Executioner

Vanquished Creatures
  A hydra (Lair:1)
  Erolcha (Orc:2)
  A two-headed ogre (D:9)
  Nergalle (Orc:2)
  The ghost of Arum the Fighter, a novice DsGl of Ru (D:7)
  An orc knight (Bailey)
  7 orc sorcerers
  Joseph (D:9)
  Maurice (D:9)
  A gargoyle (D:11)
  A cane toad (Lair:1)
  A komodo dragon (Lair:1)
  A troll (D:11)
  3 wyverns
  2 shadows (D:11)
  Grum (D:10)
  4 yaks (D:11)
  A steam dragon (D:10)
  3 wargs
  A soldier ant (D:11)
  22 orc warriors
  5 ice beasts
  An eye of draining (D:8)
  9 ogres
  2 phantoms
  A black bear (D:6)
  A centaur (D:6)
  7 wolves
  3 big kobolds
  7 bullfrogs
  A gnoll sergeant (D:5)
  A water moccasin zombie (D:9)
  A scorpion (D:10)
  A wyvern skeleton (D:8)
  A troll zombie (D:11)
  20 killer bees
  6 wights
  An electric eel (Lair:1)
  4 howler monkeys
  5 bullfrog zombies
  2 centaur zombies
  6 hounds
  A bullfrog skeleton (D:11)
  8 orc priests
  21 orc wizards
  2 centaur skeletons
  Terence (D:2)
  Jessica (D:2)
  6 iguanas
  8 worker ants
  7 ogre zombies (D:11)
  A hound skeleton (D:7)
  Robin (D:3)
  A worker ant zombie (D:5)
  7 gnolls
  9 adders
  2 shadow imps
  An ufetubus (D:6)
  A dart slug (D:3)
  8 leopard geckos
  70 orcs
  6 giant cockroaches
  16 goblins
  12 hobgoblins
  14 jackals
  5 quokkas
  A ball python (D:5)
  7 bats
  7 frilled lizards
  A goblin skeleton (D:11)
  2 goblin zombies (D:11)
  2 hobgoblin skeletons (D:11)
  2 hobgoblin zombies (D:11)
  A jackal skeleton (D:7)
  34 kobolds
  A leopard gecko skeleton (D:4)
  A leopard gecko zombie (D:8)
  4 orc skeletons (D:11)
  14 orc zombies (D:11)
  2 quokka skeletons
  3 rats
432 creatures vanquished.

Vanquished Creatures (collateral kills)
  An ogre mage (Orc:2)
  An orc sorcerer (Orc:2)
  6 orc wizards (Orc:2)
  3 orcs (Orc:2)
11 creatures vanquished.

Vanquished Creatures (others)
  A hell rat (Lair:1)
  A bush (Lair:1)
  7 plants (Lair:1)
9 creatures vanquished.

Grand Total: 452 creatures vanquished

Table legend: (Time is in decaauts)
 A = Elapsed time spent in this place.
 B = Non-inter-level travel time spent in this place.
 C = Inter-level travel time spent in this place.
 D = Time resting spent in this place.
 E = Time spent auto-exploring this place.
 F = Levels seen in this place.
 G = Mean time per level.
                   A        B        C        D        E       F      G
               +--------+--------+--------+--------+--------+-----+--------+
         Total |  17246 |  15200 |   2046 |   3647 |   7660 |  16 | 1077.9 |
       Dungeon |  13707 |  11924 |   1783 |   2492 |   6635 |  11 | 1246.1 |
        Temple |    776 |    689 |     87 |    500 |    185 |   1 |  776.0 |
          Lair |    364 |    364 |      0 |    154 |     88 |   1 |  364.0 |
  Orcish Mines |   1948 |   1774 |    174 |    392 |    660 |   2 |  974.0 |
        Bailey |    450 |    450 |      0 |    108 |     92 |   1 |  450.0 |
               +--------+--------+--------+--------+--------+-----+--------+

Top non-repeatable levels by time:
     D:5: 2440 daAuts
     D:8: 1817 daAuts
     D:4: 1643 daAuts
    D:11: 1538 daAuts
     D:6: 1378 daAuts
   Orc:2: 1213 daAuts
    D:10: 1143 daAuts
     D:7: 1044 daAuts
     D:1: 818 daAuts
     D:3: 813 daAuts
  Temple: 776 daAuts
   Orc:1: 734 daAuts
     D:9: 671 daAuts
  Bailey: 450 daAuts
     D:2: 397 daAuts
